TOP OF THE 1ST |
---|
Portland Cards batting - Pitching for Chicago Machine : RHP Rod Day | Pitching: RHP Rod Day | | Batting: RHB António Zúńiga | 0-0: Ball 1-0: Foul Ball, location: 2F 1-1: Foul Ball, location: 2F 1-2: Strikes out swinging | Batting: RHB Aaron Scott | 0-0: Fly out, F9 (Flyball, 9S) | Batting: LHB Jeff Daniels | 0-0: Ball 1-0: Foul Ball, location: 2F 1-1: Called Strike 1-2: Ball 2-2: Strikes out swinging | Top of the 1st over - 0 runs, 0 hits, 0 errors, 0 left on base; Portland 0 - Chicago 0 | BOTTOM OF THE 1ST |
---|
Chicago Machine batting - Pitching for Portland Cards : RHP Manuel Fuentes | Pitching: RHP Manuel Fuentes | | Batting: RHB Pablo Sandoval | 0-0: Foul Ball, location: 2F 0-1: Ball 1-1: Foul Ball, location: 2F 1-2: Foul Ball, location: 2F 1-2: Ball 2-2: Single, Error in OF, E7, batter to second base | Batting: RHB Gonzalo Gil | 0-0: Foul Ball, location: 2F 0-1: Fly out, F9 (Flyball, 89M) | Batting: RHB Doug Stephens | 0-0: Called Strike 0-1: Foul Ball, location: 2F 0-2: Strikes out swinging | Batting: RHB Nick Harris | 0-0: Foul Ball, location: 2F 0-1: Ball 1-1: Fly out, F9 (Line Drive, 9) | Bottom of the 1st over - 0 runs, 1 hit, 1 error, 1 left on base; Portland 0 - Chicago 0 | TOP OF THE 2ND |
---|
Portland Cards batting - Pitching for Chicago Machine : RHP Rod Day | Batting: LHB Troy Donaldson | 0-0: Called Strike 0-1: Ground out 6-3 (Groundball, 6) | Batting: LHB Paul Mullins | 0-0: Ball 1-0: Foul Ball, location: 2F 1-1: Swinging Strike 1-2: Foul Ball, location: 2F 1-2: Fly out, F7 (Flyball, 7LSF) | Batting: LHB Chance Santry | 0-0: Swinging Strike 0-1: Ball 1-1: Foul Ball, location: 2F 1-2: Foul Ball, location: 2F 1-2: Fly out, F3 (Line Drive, 3L) | Top of the 2nd over - 0 runs, 0 hits, 0 errors, 0 left on base; Portland 0 - Chicago 0 | BOTTOM OF THE 2ND |
---|
Chicago Machine batting - Pitching for Portland Cards : RHP Manuel Fuentes | Batting: SHB Clint Woods | 0-0: Hit by Pitch | Batting: LHB Denny Poole | 0-0: Foul Ball, location: 2F 0-1: Ball 1-1: Fly out, F9 (Flyball, 9D) | Batting: SHB Edward Bartlett | 0-0: Called Strike 0-1: Ball 1-1: Called Strike 1-2: Ball 2-2: Fly out, F7 (Flyball, 7LM) | Batting: LHB Tanyu Imai | 0-0: Ball 1-0: Ball 2-0: Ball 3-0: Called Strike 3-1: DOUBLE (Flyball, 78D) Clint Woods to third Runner from 3rd tries for Home, SAFE, no throw | Batting: RHB Carl O'Dell | 0-0: Swinging Strike 0-1: Swinging Strike 0-2: Ground out 5-3 (Groundball, 56) | Bottom of the 2nd over - 1 run, 1 hit, 0 errors, 1 left on base; Portland 0 - Chicago 1 | TOP OF THE 3RD |
---|
Portland Cards batting - Pitching for Chicago Machine : RHP Rod Day | Batting: RHB Mario Méndez | 0-0: Swinging Strike 0-1: Foul Ball, location: 2F 0-2: Ball 1-2: Ball 2-2: Ground out 4-3 (Groundball, 4) | Batting: RHB Jesús Gutiérrez | 0-0: Ground out 5-3 (Groundball, 56S) | Batting: RHB Gabriel Miranda | 0-0: Ball 1-0: Called Strike 1-1: Ground out 6-3 (Groundball, 6) | Top of the 3rd over - 0 runs, 0 hits, 0 errors, 0 left on base; Portland 0 - Chicago 1 | BOTTOM OF THE 3RD |
---|
Chicago Machine batting - Pitching for Portland Cards : RHP Manuel Fuentes | Batting: RHB Pablo Sandoval | 0-0: Fly out, F7 (Flyball, 78M) | Batting: RHB Gonzalo Gil | 0-0: Ball 1-0: Called Strike 1-1: Ball 2-1: Called Strike 2-2: Strikes out swinging | Batting: RHB Doug Stephens | 0-0: Called Strike 0-1: Foul Ball, location: 2F 0-2: Ball 1-2: Strikes out looking | Bottom of the 3rd over - 0 runs, 0 hits, 0 errors, 0 left on base; Portland 0 - Chicago 1 | TOP OF THE 4TH |
---|
Portland Cards batting - Pitching for Chicago Machine : RHP Rod Day | Batting: RHB António Zúńiga | 0-0: Ground out 5-3 (Groundball, 56) | Batting: RHB Aaron Scott | 0-0: Ground out 6-3 (Groundball, 6M) | Batting: LHB Jeff Daniels | 0-0: Ball 1-0: Called Strike 1-1: Ball 2-1: Ground out 6-3 (Groundball, 6MS) | Top of the 4th over - 0 runs, 0 hits, 0 errors, 0 left on base; Portland 0 - Chicago 1 | BOTTOM OF THE 4TH |
---|
Chicago Machine batting - Pitching for Portland Cards : RHP Manuel Fuentes | Batting: RHB Nick Harris | 0-0: Called Strike 0-1: Ball 1-1: Ground out 4-3 (Groundball, 4) | Batting: SHB Clint Woods | 0-0: Ground out 3-1 (Groundball, 34) | Batting: LHB Denny Poole | 0-0: Foul Ball, location: 2F 0-1: Ground out 5-3 (Groundball, 56) | Bottom of the 4th over - 0 runs, 0 hits, 0 errors, 0 left on base; Portland 0 - Chicago 1 | TOP OF THE 5TH |
---|
Portland Cards batting - Pitching for Chicago Machine : RHP Rod Day | Batting: LHB Troy Donaldson | 0-0: Called Strike 0-1: Swinging Strike 0-2: Ball 1-2: Strikes out swinging | Batting: LHB Paul Mullins | 0-0: Ball 1-0: Called Strike 1-1: SOLO HOME RUN (Flyball, 9LD), Distance : 373 ft | Batting: LHB Chance Santry | 0-0: Ball 1-0: Ball 2-0: Called Strike 2-1: DOUBLE (Line Drive, 8LXD) | Batting: RHB Mario Méndez | 0-0: Foul Ball, location: 2F 0-1: Ball 1-1: Ball 2-1: Called Strike 2-2: Ground out 5-3 (Groundball, 5L) | Batting: RHB Jesús Gutiérrez | 0-0: Intentional Walk | Batting: RHB Gabriel Miranda | 0-0: Fly out, F8 (Flyball, 8LS) | Top of the 5th over - 1 run, 2 hits, 0 errors, 2 left on base; Portland 1 - Chicago 1 | BOTTOM OF THE 5TH |
---|
Chicago Machine batting - Pitching for Portland Cards : RHP Manuel Fuentes | Batting: SHB Edward Bartlett | 0-0: Reached on error, E5 (Groundball, 5S) | Batting: LHB Tanyu Imai | 0-0: Ball 1-0: Fly out, F7 (Flyball, 7) | Batting: RHB Carl O'Dell | 0-0: Ball 1-0: Foul Ball, location: 2F 1-1: Foul Ball, location: 2F 1-2: Strikes out swinging | Batting: RHB Pablo Sandoval | 0-0: Called Strike 0-1: Foul Ball, location: 2F 0-2: Ball 1-2: Foul Ball, location: 2F 1-2: Ground out 6-3 (Groundball, 6D) | Bottom of the 5th over - 0 runs, 0 hits, 1 error, 1 left on base; Portland 1 - Chicago 1 | TOP OF THE 6TH |
---|
Portland Cards batting - Pitching for Chicago Machine : RHP Rod Day | Batting: RHB António Zúńiga | 0-0: Swinging Strike 0-1: Called Strike 0-2: Strikes out swinging | Batting: RHB Aaron Scott | 0-0: Called Strike 0-1: Called Strike 0-2: Ball 1-2: Strikes out looking | Batting: LHB Jeff Daniels | 0-0: Called Strike 0-1: SINGLE (Line Drive, 9S) | Batting: LHB Troy Donaldson | 0-0: Ball 1-0: Ball 2-0: Called Strike 2-1: Ball 3-1: Called Strike 3-2: Base on Balls Jeff Daniels to second | Batting: LHB Paul Mullins | 0-0: Called Strike 0-1: Ground out 4-3 (Groundball, 34D) | Top of the 6th over - 0 runs, 1 hit, 0 errors, 2 left on base; Portland 1 - Chicago 1 | BOTTOM OF THE 6TH |
---|
Chicago Machine batting - Pitching for Portland Cards : RHP Manuel Fuentes | Batting: RHB Gonzalo Gil | 0-0: Foul Ball, location: 2F 0-1: Swinging Strike 0-2: Foul Ball, location: 2F 0-2: Foul Ball, location: 2F 0-2: Strikes out swinging | Batting: RHB Doug Stephens | 0-0: Called Strike 0-1: Foul Ball, location: 2F 0-2: Strikes out swinging | Batting: RHB Nick Harris | 0-0: Foul Ball, location: 2F 0-1: Ball 1-1: Foul Ball, location: 2F 1-2: Fly out, F9 (Line Drive, 9) | Bottom of the 6th over - 0 runs, 0 hits, 0 errors, 0 left on base; Portland 1 - Chicago 1 | TOP OF THE 7TH |
---|
Portland Cards batting - Pitching for Chicago Machine : RHP Rod Day | Batting: LHB Chance Santry | 0-0: Called Strike 0-1: Ball 1-1: Foul Ball, location: 2F 1-2: Ground out U3 (Groundball, 3) | Batting: RHB Mario Méndez | 0-0: Ball 1-0: Called Strike 1-1: Called Strike 1-2: Ground out 6-3 (Groundball, 6) | Batting: RHB Jesús Gutiérrez | 0-0: Ground out 5-3 (Groundball, 5) | Top of the 7th over - 0 runs, 0 hits, 0 errors, 0 left on base; Portland 1 - Chicago 1 | BOTTOM OF THE 7TH |
---|
Chicago Machine batting - Pitching for Portland Cards : RHP Manuel Fuentes | Batting: SHB Clint Woods | 0-0: Called Strike 0-1: SINGLE (Groundball, 4MD) | Batting: LHB Denny Poole | 0-0: Foul Ball, location: 2F 0-1: 2-RUN HOME RUN (Flyball, 7LD), Distance : 376 ft | Batting: SHB Edward Bartlett | 0-0: Called Strike 0-1: Ball 1-1: Ground out 5-3 (Groundball, 56) | Batting: LHB Tanyu Imai | 0-0: Called Strike 0-1: Ball 1-1: Ball 2-1: Ball 3-1: Foul Ball, location: 2F 3-2: Strikes out swinging | Batting: RHB Carl O'Dell | 0-0: Called Strike 0-1: Foul Ball, location: 2F 0-2: Foul Ball, location: 2F 0-2: Ball 1-2: Ball 2-2: Strikes out swinging | Bottom of the 7th over - 2 runs, 2 hits, 0 errors, 0 left on base; Portland 1 - Chicago 3 | TOP OF THE 8TH |
---|
Portland Cards batting - Pitching for Chicago Machine : RHP Rod Day | Batting: RHB Gabriel Miranda | 0-0: Ball 1-0: Called Strike 1-1: Ball 2-1: Foul Ball, location: 2F 2-2: Strikes out swinging | Batting: RHB António Zúńiga | 0-0: Swinging Strike 0-1: Ground out U3 (Groundball, 34) | Batting: RHB Aaron Scott | 0-0: Foul Ball, location: 2F 0-1: Ball 1-1: Called Strike 1-2: Strikes out swinging | Top of the 8th over - 0 runs, 0 hits, 0 errors, 0 left on base; Portland 1 - Chicago 3 | BOTTOM OF THE 8TH |
---|
Chicago Machine batting - Pitching for Portland Cards : RHP Manuel Fuentes | Batting: RHB Pablo Sandoval | 0-0: Called Strike 0-1: Foul Ball, location: 2F 0-2: SINGLE (Groundball, 56D) | Pitching: LHP José Garza | | Batting: RHB Gonzalo Gil | 0-0: Called Strike Pablo Sandoval steals 2nd base 0-1: Ball 1-1: SINGLE (Line Drive, 8RS) Pablo Sandoval to third | Batting: RHB Doug Stephens | 0-0: Ball Wild Pitch! Pablo Sandoval scores Gonzalo Gil to second 1-0: Intentional Walk | Batting: RHB Nick Harris | 0-0: Ball 1-0: 3-RUN HOME RUN (Flyball, 9LD), Distance : 361 ft | Batting: SHB Clint Woods | 0-0: Called Strike 0-1: Ball 1-1: Foul Ball, location: 2F 1-2: Strikes out swinging | Batting: LHB Denny Poole | 0-0: Ball 1-0: Foul Ball, location: 2F 1-1: Ball 2-1: Swinging Strike 2-2: Strikes out swinging | Batting: SHB Edward Bartlett | 0-0: Foul Ball, location: 2F 0-1: Foul Ball, location: 2F 0-2: Ball 1-2: Ball 2-2: Fly out, F5 (Line Drive, 56) | Bottom of the 8th over - 4 runs, 3 hits, 0 errors, 0 left on base; Portland 1 - Chicago 7 | TOP OF THE 9TH |
---|
Portland Cards batting - Pitching for Chicago Machine : RHP Rod Day | Batting: LHB Jeff Daniels | 0-0: Foul Ball, location: 2F 0-1: Fly out, F7 (Flyball, 78D) | Batting: LHB Troy Donaldson | 0-0: Swinging Strike 0-1: Ball 1-1: Ball 2-1: Ball 3-1: Called Strike 3-2: Strikes out swinging | Batting: LHB Paul Mullins | 0-0: Called Strike 0-1: Ball 1-1: Fly out, F7 (Flyball, 7LD) | Top of the 9th over - 0 runs, 0 hits, 0 errors, 0 left on base; Portland 1 - Chicago 7 | |